cohdb
Replays
Latest Replays
All Replays
Popular Replays
Top Player Replays
Match Explorer
How It Works
Community
CoH3 Stats
Reddit
Sign in to upload your games and track your stats! →
Sign in with Steam
Match 32861687
Unlisted
Match 32861687
Overview
Messages
Build Orders
End
Pioneer Squad
Selects Italian Coastal Battlegroup
Selects Coastal Reserves
Coastal Reserve
Coastal Reserve
Coastal Reserve
Construct Infanterie Kompanie
MG 42 Machine Gun Team
Construct Luftwaffe Kompanie
221 Scout Car
221 Scout Car
221 Scout Car
Luftwaffe Officer Quarters
Selects Artillery Officer
Artillery Officer
Selects Coastal Wall
el campo
Доктор Гувер[POINTRUNNER]
MaXiS
BagMan
Tomlin
Matchmakingbigdokey
0
0
Comments
sign in to comment!
No comments posted yet!